Map: 光影交错-天梯版

Players

夜蝶蝶蝶蝶蝶蝶蝶 (Firefly)

  • Race: Protoss Protoss

iGCoffeeMs (Coffee) - Winner!

  • Race: Terran Terran
  • League: Master

Event: DreamHack SC2 Masters 2021 Summer

VOD

Have the link to the VOD?

Description

Time

  • Played on: May 28, 2021, 8:33 a.m.
  • Length: 18:26

All games in this series

Show
View Real Time Build Order
Export as new Build Order

夜蝶蝶蝶蝶蝶蝶蝶 Protoss 

Build Orders: 1 Gate Expand, Phoenix Opening 

Get SALT Encoding   

  12  0:00  Probe  
  13  0:12  Probe  
  14  0:17  Pylon  
  14  0:24  Probe  
  15  0:37  Probe (Chrono Boost), Gateway  
  16  0:46  Probe (Chrono Boost)  
  16  0:47  Assimilator  
  17  0:51  Probe (Chrono Boost)  
  18  1:03  Probe  
  19  1:15  Probe  
  20  1:28  Cybernetics Core  
  20  1:40  Nexus  
  20  1:43  Probe, Pylon  
  21  1:59  Probe  
  21  2:01  Assimilator  
  22  2:02  Adept (Chrono Boost)  
  24  2:08  Shield Battery  
  24  2:11  Probe  
  25  2:15  Warp Gate  
  24  2:28  Adept (Chrono Boost)  
  26  2:32  Probe  
  26  2:44  Probe  
  27  2:53  Stargate  
  27  2:54  Probe  
  27  2:56  Probe  
  28  3:02  Adept (Chrono Boost)  
  30  3:06  Probe  
  30  3:08  Probe  
  32  3:19  Probe  
  33  3:20  Probe  
  33  3:31  Probe  
  33  3:32  Probe  
  35  3:38  Phoenix (Chrono Boost)  
  37  3:43  Probe  
  37  3:44  Probe  
  39  3:55  Probe, Phoenix  
  40  3:58  Probe  
  40  4:02  Pylon  
  42  4:12  Probe (Chrono Boost)  
  42  4:13  Probe (Chrono Boost)  
  42  4:14  Gateway  
  42  4:16  Robotics Facility  
  44  4:20  Phoenix  
  48  4:24  Probe (Chrono Boost)  
  48  4:25  Probe (Chrono Boost)  
  48  4:28  Gateway  
  48  4:31  Probe x2 (Chrono Boost)  
  50  4:38  Void Ray (Chrono Boost)  
  50  4:43  Pylon  
  50  4:47  Shield Battery  
  50  4:52  Assimilator  
  54  4:56  Assimilator  
  54  5:01  Probe x2  
  54  5:02  Adept  
  54  5:04  Observer  
  59  5:11  Pylon x2  
  59  5:13  Probe x2  
  59  5:25  Probe  
  60  5:30  Robotics Bay  
  60  5:32  Probe  
  61  5:37  Probe  
  61  5:40  Immortal (Chrono Boost)  
  62  5:44  Nexus  
  66  5:54  Probe x2  
  68  6:02  Pylon  
  68  6:06  Probe  
  68  6:09  Probe  
  70  6:13  Twilight Council  
  70  6:14  Forge  
  70  6:15  Colossus (Chrono Boost)  
  76  6:18  Probe  
  76  6:20  Extended Thermal Lance  
  77  6:30  Pylon  
  77  6:36  Probe x2  
  79  6:41  Pylon  
  79  6:50  Gateway  
  79  6:51  Gateway  
  79  6:55  Gateway  
  79  6:57  Gateway  
  79  7:03  Sentry x2  
  79  7:05  Shield Battery  
  79  7:08  Zealot  
  85  7:13  Probe  
  86  7:17  Gateway  
  86  7:19  Charge, Colossus  
  86  7:22  Protoss Ground Weapons Level 1 (Chrono Boost)  
  90  7:27  Zealot  
  90  7:28  Zealot x2  
  96  7:31  Probe x2  
  96  7:32  Pylon  
  98  7:37  Shield Battery  
  98  7:39  Pylon  
  98  7:41  Pylon  
  98  7:46  Zealot x2  
  98  7:48  Zealot  
  98  7:49  Zealot x2  
  93  7:58  Zealot  
  72  8:06  Probe x3  
  72  8:09  Pylon, Stalker x2  
  78  8:13  Stalker  
  80  8:20  Zealot x2  
  76  8:32  Zealot, Stalker  
  76  8:33  Stalker  
  78  8:39  Stalker  
  73  8:42  Probe x3  
  76  8:50  Observer  
  72  8:59  Probe x3  
  72  9:02  Pylon  
  75  9:05  Templar Archives  
  75  9:15  Zealot x5, Protoss Ground Armor Level 1 (Chrono Boost)  
  75  9:16  Zealot  
  87  9:20  Sentry  
  87  9:21  Sentry  
  84  9:39  Probe x2 (Chrono Boost)  
  84  9:40  Stalker  
  84  9:41  Stalker x3  
  84  9:43  Probe (Chrono Boost)  
  93  9:50  Blink  
  93  9:51  Probe x2 (Chrono Boost)  
  95  9:55  Probe (Chrono Boost)  
  95  9:58  Probe (Chrono Boost)  
  95  9:59  Probe (Chrono Boost)  
  97  10:00  Assimilator x2  
  97  10:06  Shield Battery  
  98  10:08  Probe  
  98  10:09  Probe  
  98  10:10  Probe, Disruptor (Chrono Boost)  
  104  10:20  Probe  
  104  10:21  Probe, Zealot x3  
  112  10:22  Probe  
  112  10:28  Zealot x2  
  97  10:38  Zealot x3  
  101  10:43  Colossus (Chrono Boost)  
  101  10:49  Probe x3  
  108  10:57  Observer  
  108  11:02  Stalker x4  
  108  11:03  Protoss Ground Weapons Level 2 (Chrono Boost)  
  116  11:06  Probe  
  117  11:12  Stalker  
  119  11:22  Nexus  
  119  11:24  High Templar x2  
  123  11:29  Warp Prism (Chrono Boost)  
  123  11:31  Archon  
  125  11:38  High Templar x2, Zealot  
  125  11:39  Zealot  
  133  11:43  Archon, Zealot  
  131  12:01  Zealot x5  
  129  12:16  Zealot x3  
  129  12:17  Pylon  
  135  12:26  Probe x3  
  135  12:27  Disruptor  
  141  12:33  Zealot x4  
  141  12:34  Zealot  
  151  12:39  Probe x3  
  151  12:40  Probe  
  155  12:51  Probe  
  155  12:58  High Templar x5  
  166  12:59  High Templar, Zealot  
  166  13:00  Zealot  
  166  13:02  Archon x2  
  166  13:03  Archon  
  172  13:13  Protoss Ground Armor Level 2 (Chrono Boost)  
  172  13:17  Robotics Facility  
  172  13:19  Dark Shrine, Pylon  
  170  13:23  Disruptor (Chrono Boost)  
  171  13:36  Probe  
  171  13:37  Probe x2  
  171  13:38  Assimilator  
  171  13:39  Assimilator  
  174  13:41  Forge  
  174  13:44  Pylon  
  174  13:45  Pylon  
  174  13:46  Disruptor (Chrono Boost), Nexus  
  177  13:54  Shield Battery  
  177  13:56  Shield Battery  
  177  13:59  Photon Cannon, Shield Battery  
  177  14:00  Photon Cannon, Shield Battery  
  177  14:01  Photon Cannon, Disruptor (Chrono Boost)  
  177  14:03  Shield Battery  
  177  14:04  Pylon  
  177  14:09  Probe x3, Pylon  
  183  14:12  Assimilator  
  183  14:14  Assimilator  
  183  14:18  Protoss Ground Weapons Level 3 (Chrono Boost)  
  183  14:21  Zealot  
  183  14:22  Zealot  
  187  14:31  Zealot x4  
  195  14:32  Zealot x2  
  195  14:36  Phoenix (Chrono Boost)  
  190  14:47  Probe x2  
  190  14:48  Disruptor x2  
  190  14:49  Shadow Stride  
  198  14:56  Dark Templar x2  
  198  15:04  Gravitic Drive  
  198  15:06  Pylon  
  196  15:27  Pylon  
  194  15:40  Fleet Beacon  
  192  15:42  Stargate  
  192  15:47  Stargate  
  192  15:49  Pylon  
  192  15:50  Protoss Air Weapons Level 1  
  192  15:51  Pylon  
  192  15:53  Pylon  
  187  16:07  Warp Prism (Chrono Boost)  
  187  16:13  Dark Templar x6  
  197  16:35  Observer (Chrono Boost)  
  172  16:58  Carrier x2 (Chrono Boost)  
  172  16:59  Carrier (Chrono Boost)  
  188  17:15  Dark Templar  
  140  17:22  Disruptor (Chrono Boost)  
  140  17:23  Disruptor (Chrono Boost)  
  140  17:26  Dark Templar x6  
  140  17:27  Zealot  
  143  17:41  Nexus  
  143  17:48  Dark Templar x2  
  143  18:05  Dark Templar x3  
  108  18:06  Zealot x3  
  79  18:20  Zealot x2  
Show
View Real Time Build Order
Export as new Build Order

iGCoffeeMs Terran - Winner!

Build Orders: Cyclone Opening 

Get SALT Encoding   

  12  0:00  SCV  
  13  0:12  SCV  
  14  0:24  SCV  
  14  0:25  Supply Depot  
  15  0:47  SCV, Barracks  
  15  0:49  Refinery  
  16  0:57  Refinery  
  16  0:59  SCV  
  17  1:11  SCV  
  18  1:23  SCV  
  19  1:36  Reaper, Orbital Command  
  20  1:47  Factory  
  18  2:01  Supply Depot  
  18  2:02  SCV  
  19  2:14  SCV  
  20  2:26  SCV  
  21  2:32  Factory Tech Lab  
  21  2:38  SCV  
  21  2:39  Command Center  
  22  2:51  Starport, SCV  
  23  2:58  Cyclone  
  23  3:03  SCV  
  27  3:09  Supply Depot  
  26  3:15  SCV  
  27  3:27  SCV  
  27  3:30  Viking  
  30  3:35  Cyclone  
  30  3:37  Barracks Reactor  
  30  3:39  SCV  
  34  3:50  Barracks  
  34  3:55  SCV  
  34  3:58  Orbital Command  
  35  4:03  Starport Tech Lab  
  35  4:07  SCV  
  35  4:17  Marine x2  
  35  4:18  Orbital Command  
  35  4:20  SCV, Siege Tank  
  41  4:32  SCV  
  41  4:35  Barracks  
  42  4:41  Marine x2  
  42  4:44  SCV x2  
  46  4:46  Supply Depot  
  46  4:50  Marine, Stimpack  
  47  4:56  SCV x2  
  49  5:02  Marine x2  
  51  5:08  SCV x2, Factory Reactor, Supply Depot  
  51  5:11  Bunker, Marine  
  54  5:20  SCV  
  54  5:23  Starport Reactor, Marine  
  54  5:24  Marine  
  54  5:25  SCV  
  57  5:29  Marine, Combat Shield  
  57  5:30  Marine  
  57  5:32  SCV  
  60  5:38  SCV, Supply Depot  
  61  5:44  SCV  
  61  5:46  Refinery  
  61  5:47  Widow Mine, Marine x2  
  61  5:48  Widow Mine  
  68  5:50  SCV  
  68  5:55  Supply Depot  
  68  5:56  SCV  
  69  5:59  Supply Depot  
  69  6:02  SCV  
  69  6:04  Marauder x2  
  74  6:07  Marine x2  
  74  6:08  SCV  
  77  6:14  SCV  
  77  6:17  Medivac x2  
  86  6:18  Widow Mine x2  
  86  6:21  SCV  
  86  6:22  Supply Depot  
  87  6:26  Marauder  
  87  6:28  Marauder  
  87  6:31  Marine x2  
  93  6:32  Concussive Shells  
  93  6:36  Supply Depot  
  93  6:41  Engineering Bay  
  94  6:47  SCV x2  
  94  6:49  Marauder  
  94  6:50  Marauder  
  94  6:51  Marine x2  
  101  6:57  Supply Depot  
  101  6:59  Medivac x2, Supply Depot  
  105  7:05  Widow Mine x2  
  109  7:12  Terran Infantry Weapons Level 1  
  109  7:13  Supply Depot  
  105  7:30  Marauder x2  
  105  7:31  Marine  
  110  7:40  Command Center  
  110  7:41  Command Center  
  110  7:51  Marine x2  
  110  7:52  Widow Mine x2, Marauder x2  
  112  8:01  Medivac  
  110  8:10  Marine x2  
  111  8:13  SCV x2, Marauder x2  
  115  8:25  SCV  
  115  8:26  SCV  
  106  8:28  Marine x2  
  102  8:34  Marauder  
  102  8:35  Marauder  
  102  8:37  Medivac  
  102  8:38  SCV x2, Medivac  
  102  8:39  Widow Mine  
  98  8:50  SCV x2  
  98  8:51  Marine x2  
  102  8:56  Marauder  
  102  8:57  Orbital Command  
  102  9:00  Barracks  
  102  9:01  Barracks  
  100  9:05  SCV x2  
  100  9:09  Terran Infantry Armor Level 1  
  102  9:16  Marine x2  
  106  9:17  Marauder  
  106  9:20  SCV  
  106  9:21  SCV  
  108  9:24  Widow Mine  
  108  9:25  Widow Mine  
  101  9:42  Marauder x2, Marine x2  
  101  9:43  Viking x2  
  101  9:44  SCV x2  
  110  9:46  Orbital Command  
  110  9:50  Barracks Tech Lab  
  110  9:51  Barracks Reactor  
  110  9:57  Widow Mine  
  110  9:59  Sensor Tower  
  112  10:01  Marine x2  
  112  10:03  Marauder  
  116  10:08  Marauder  
  116  10:10  Refinery  
  116  10:11  Refinery  
  116  10:12  Bunker  
  116  10:13  Supply Depot  
  118  10:14  Marauder  
  118  10:16  Supply Depot  
  119  10:25  Marauder  
  119  10:28  Viking x2  
  116  10:33  Marauder  
  111  10:35  Marine  
  111  10:36  Marauder, Marine  
  111  10:41  Marine x2  
  113  10:45  Widow Mine  
  113  10:46  Widow Mine, Marauder  
  114  10:52  Barracks  
  114  10:53  Barracks, Marine x2  
  114  10:54  Barracks, Marauder  
  114  10:55  Ghost Academy  
  118  10:57  Marauder  
  118  10:58  Missile Turret  
  118  11:01  SCV  
  118  11:03  SCV  
  122  11:06  SCV  
  122  11:07  Marine x3  
  126  11:12  Armory, Engineering Bay  
  126  11:13  SCV  
  126  11:14  Marine x2  
  126  11:15  Widow Mine x2, Marauder  
  135  11:20  Orbital Command  
  135  11:26  Enhanced Shockwaves  
  135  11:29  SCV x3  
  135  11:31  Missile Turret  
  138  11:35  Supply Depot  
  138  11:37  Marine x3  
  138  11:38  Marine  
  142  11:40  Barracks Tech Lab  
  142  11:41  Barracks Reactor  
  142  11:42  Barracks Tech Lab  
  135  11:59  Marauder x3, Marine  
  140  12:07  Marine  
  140  12:08  Marauder  
  128  12:13  Marine x2  
  128  12:14  Ghost  
  121  12:16  Viking x2  
  121  12:17  SCV x3  
  121  12:18  Terran Infantry Weapons Level 2  
  121  12:20  Ghost x2  
  132  12:23  Marine x4  
  132  12:27  Refinery x2  
  136  12:30  Ghost  
  136  12:31  Marine x3  
  141  12:39  Widow Mine x2  
  141  12:40  Marine  
  146  12:50  Bunker  
  146  12:52  Supply Depot  
  146  12:53  Marine x2, Supply Depot  
  146  12:54  Marine x3  
  146  12:55  Ghost x2  
  155  13:12  Marauder x2  
  159  13:13  Widow Mine x2  
  159  13:18  SCV x2  
  165  13:20  Marine x2  
  165  13:21  Marine x2  
  169  13:28  Medivac x2  
  169  13:29  Marine  
  172  13:35  Marine x3  
  172  13:40  Supply Depot  
  172  13:41  Supply Depot  
  175  13:42  Marine x2  
  175  13:43  Widow Mine x2, Marine  
  182  13:50  Missile Turret  
  182  13:55  Command Center x2  
  182  14:07  Sensor Tower  
  182  14:13  Starport, Fusion Core, Personal Cloaking  
  182  14:16  Terran Infantry Armor Level 2  
  182  14:17  Terran Ship Weapons Level 1  
  182  14:23  Marauder x2  
  181  14:25  Marine x2  
  181  14:30  Marine x2  
  181  14:31  Marauder x2, Marine x2  
  167  14:43  Viking  
  167  14:44  Viking  
  169  14:45  Marine  
  169  14:46  Marine x2  
  169  14:54  SCV  
  169  14:56  SCV x3  
  169  14:57  Marauder x2, Marine x2  
  169  14:58  Marauder  
  179  15:06  SCV  
  180  15:10  Orbital Command  
  180  15:12  Ghost x2  
  180  15:13  Medivac  
  186  15:23  Ghost  
  186  15:26  Marine  
  179  15:33  SCV x2  
  175  15:37  SCV x3  
  178  15:45  Planetary Fortress  
  178  15:47  Refinery x2, Missile Turret  
  178  15:50  SCV x2  
  178  15:54  Marine x4  
  178  15:56  Barracks Reactor, Starport Reactor  
  168  16:06  Ghost x2  
  157  16:11  Nuke  
  157  16:16  SCV x2  
  159  16:28  Marine x3  
  159  16:29  Marine  
  163  16:37  Liberator x3  
  163  16:38  Liberator  
  163  17:05  Marine x4  
  163  17:06  Marine x2  
  151  17:24  Marine x2  
  151  17:25  Marine x3  
  151  17:26  Marauder x3  
  151  17:29  SCV, Marauder x2, Liberator  
  167  17:30  Liberator  
  167  17:32  SCV  
  174  17:38  Marine  
  174  17:42  Marine x2  
  177  17:47  Marauder x2, Marine x2  
  177  17:49  Marine  
  177  17:50  Marauder, Marine  
  187  18:04  Marauder  
  171  18:07  Marine x3  
  171  18:10  SCV  
  171  18:12  SCV  
Tags
 
Add a new tag
Caveats
  • Supply blocks, unpowered buildings, or Contaminate may cause inaccurate times.
  • Supply counts are checked every 10 seconds.